 Dungeon Crawl Stone Soup version 0.23.0-3-gf3c87f2 (console) character file.

Game seed: 8787876169843313380

1967 erker the Chopper (level 9, -1/66 HPs)
             Began as a Formicid Fire Elementalist on Feb 22, 2019.
             Was a Believer of Cheibriados.
             Slain by a sky beast (6 damage)
             ... on level 7 of the Dungeon.
             The game lasted 00:31:52 (8329 turns).

erker the Chopper (Formicid Fire Elementalist)      Turns: 8329, Time: 00:31:52

Health: -1/66      AC:  5    Str: 22    XL:     9   Next: 43%
Magic:  12/12      EV: 12    Int: 20    God:    Cheibriados [**....]
Gold:   454        SH:  6    Dex: 15    Spells: 11/12 levels left

rFire    . . .     SeeInvis +   a - +0 hand axe
rCold    . . .     Gourm    +   d - +2 buckler
rNeg     . . .     Faith    .   v - +0 scale mail
rPois    .         Spirit   .   (helmet unavailable)
rElec    .         Reflect  .   (no cloak)
rCorr    .         Harm     .   (no gloves)
MR       .....                  (no boots)
Stlth    +.........             P - amulet of the gourmand
HPRegen  0.21/turn              h - +3 ring of strength
MPRegen  0.13/turn              H - -2 ring of protection (curse)

@: very slow
A: permanent stasis, dig shafts and tunnels, four strong arms, antennae 3
a: Dig, Shaft Self, Bend Time, Renounce Religion


You were on level 7 of the Dungeon.
You worshipped Cheibriados.
Cheibriados was pleased with you.
You were hungry.

You visited 2 branches of the dungeon, and saw 9 of its levels.

You collected 454 gold pieces.

Inventory:

Hand Weapons
 a - a +0 hand axe (weapon)
 b - a +0 blowgun
 y - a +0 trident
 E - a +0 battleaxe
Missiles
 l - 35 poisoned needles
 F - 2 throwing nets
 I - a tomahawk (quivered)
 L - 49 bolts
Armour
 d - a +2 buckler (worn)
 f - a +0 chain mail
 v - a +0 scale mail (worn)
Jewellery
 g - an uncursed ring of protection from cold
 h - a +3 ring of strength (left hand)
 B - an uncursed amulet of guardian spirit
 H - a cursed -2 ring of protection (right hand)
 O - an uncursed ring of flight
 P - an amulet of the gourmand (around neck)
Wands
 A - a wand of clouds (2)
 M - a wand of acid (5)
Scrolls
 j - a scroll of immolation {unknown}
 k - 2 scrolls of fear {unknown}
 m - a scroll of random uselessness {unknown}
 n - a scroll of amnesia {unknown}
 p - 3 scrolls of remove curse {unknown}
 r - 2 scrolls of identify
 s - 3 scrolls of blinking {unknown}
 x - 3 scrolls of enchant weapon {unknown}
 D - 2 scrolls of teleportation {unknown}
 G - 2 scrolls of noise {unknown}
 N - a scroll of enchant armour {unknown}
Potions
 e - a potion of heal wounds
 i - 3 potions of degeneration
 o - 2 potions of lignification
 q - 2 potions of might
 t - 5 potions of curing
 u - a potion of haste
 w - a potion of agility {unknown}
 z - a potion of brilliance {unknown}
 C - 2 potions of flight {unknown}
 J - a potion of resistance {unknown}
 K - a potion of magic {unknown}
Comestibles
 c - 19 rations
 Q - 5 chunks of flesh


   Skills:
 + Level 4.4 Fighting
 + Level 7.4 Axes
 + Level 5.5 Armour
 + Level 3.2 Dodging
 - Level 2.4 Stealth
 - Level 2.4 Shields
 - Level 2.1 Spellcasting
 - Level 0.8 Conjurations
 - Level 3.0 Fire Magic
 * Level 4.9 Invocations


You had 11 spell levels left.
You knew the following spells:

 Your Spells              Type           Power        Failure   Level  Hunger
a - Flame Tongue          Conj/Fire      #....        17%         1    #......

Your spell library contained the following spells:

 Spells                   Type           Power        Failure   Level  Hunger
 Throw Flame              Conj/Fire      #.....       26%         2    ##.....
 Conjure Flame            Conj/Fire      #.......     45%         3    ###....
 Inner Flame              Hex/Fire       #.......     52%         3    ###....
 Sticky Flame             Conj/Fire      #.......     86%         4    #####..
 Fireball                 Conj/Fire      #.........   99%         5    ######.


Dungeon Overview and Level Annotations

Branches:
Dungeon (8/15)             Temple (1/1) D:5
   Lair: D:8-11

Altars:
Ashenzari
Cheibriados
Dithmenos
Elyvilon
Fedhas
Gozag
Hepliaklqana
Kikubaaqudgha
Makhleb
Nemelex Xobeh
Okawaru
Qazlal
Ru
Sif Muna
Trog
Uskayaw
Vehumet
Wu Jian
Xom
Yredelemnul
Zin
The Shining One

Annotations:
D:6 1 runed translucent door, Crazy Yiuf


Innate Abilities, Weirdness & Mutations

You cannot be hasted, slowed, berserked, paralysed or teleported.
You can dig through walls and to a lower floor.
Your four strong arms can wield two-handed weapons with a shield.
You have a pair of large antennae on your head. (SInv)


Message History

The sky beast is lightly wounded.
The sky beast hits you. The sky beast shocks you.
* * * LOW HITPOINT WARNING * * *
You hit the sky beast.
The sky beast is moderately wounded.
You barely miss the sky beast.
The sky beast is moderately wounded.
The sky beast hits you.
* * * LOW HITPOINT WARNING * * *
The sky beast shocks you.
* * * LOW HITPOINT WARNING * * *
You hit the sky beast but do no damage.
The sky beast is moderately wounded.
The sky beast closely misses you.
You completely miss the sky beast.
The sky beast is moderately wounded.
The sky beast hits you.
* * * LOW HITPOINT WARNING * * *
The sky beast shocks you.
You die...

#......#.###.............#
######.#.# #...#....######
#.#.###.##.##.##
#.#.....#####.# #
#.###.### #.####### # #.#
#.# #.......# # #.# #.#
#######.# # #.# #.#### #.#
# #.# #..Y@# #.# # #.#
####.# #.# # #.# #.#
##.##### #.# #.# #.......
#.# #.# #.....(. #.# #.#
#...#### #.#
#.#########....... #.#
#.............#### #.#
###########.### #


You could see a sky beast.

Vanquished Creatures
  Prince Ribbit (D:7)
  Grinder (D:3)
  A necrophage (D:8)
  An orc warrior (D:6)
  A sky beast (D:5)
  2 centaurs
  2 ogres
  A big kobold (D:7)
  A bullfrog (D:8)
  A scorpion (D:7)
  4 killer bees (D:7)
  A bullfrog zombie (D:5)
  A crimson imp (D:5)
  A centaur zombie (D:5)
  3 hounds
  An orc wizard (D:3)
  2 iguanas (D:7)
  Ijyb (D:3)
  Terence (D:3)
  6 worker ants
  2 hound skeletons (D:8)
  9 adders
  An adder skeleton (D:5)
  2 worms
  2 dart slugs (D:2)
  3 leopard geckos
  13 orcs
  2 ball pythons (D:1)
  5 bats
  5 giant cockroaches
  7 goblins
  10 hobgoblins
  4 jackals (D:5)
  9 kobolds
  5 quokkas
  13 frilled lizards
  9 rats
134 creatures vanquished.

Notes
Turn   | Place    | Note
-------+----------+-------------------------------------------
     0 | D:1      | erker the Formicid Fire Elementalist began the quest for
                  | the Orb.
     0 | D:1      | Reached XP level 1. HP: 13/13 MP: 3/3
   590 | D:1      | Reached skill level 1 in Fighting
   590 | D:1      | Reached skill level 1 in Shields
   590 | D:1      | Reached XP level 2. HP: 21/21 MP: 1/5
   962 | D:1      | Reached XP level 3. HP: 19/26 MP: 6/6
  1599 | D:2      | Reached skill level 1 in Axes
  1599 | D:2      | Reached XP level 4. HP: 22/33 MP: 4/7
  1736 | D:2      | Found a faded altar of an unknown god.
  1986 | D:3      | Noticed Grinder
  2275 | D:3      | Killed Grinder
  2275 | D:3      | Reached skill level 4 in Axes
  2275 | D:3      | Reached XP level 5. HP: 22/39 MP: 8/8
  2275 | D:3      | Reached XP level 6. HP: 26/45 MP: 9/9
  2368 | D:3      | Noticed Terence
  2476 | D:3      | Killed Terence
  2705 | D:3      | Noticed Ijyb
  2728 | D:3      | Killed Ijyb
  2955 | D:3      | Reached skill level 1 in Armour
  3148 | D:3      | Reached skill level 5 in Axes
  3148 | D:3      | Reached XP level 7. HP: 30/51 MP: 10/10
  3591 | D:4      | Found a snail-covered altar of Cheibriados.
  3592 | D:4      | Found a radiant altar of Vehumet.
  3594 | D:4      | Found an ancient bone altar of Kikubaaqudgha.
  3597 | D:4      | Found a shattered altar of Ashenzari.
  3597 | D:4      | Found a deep blue altar of Sif Muna.
  3600 | D:4      | Became a worshipper of Cheibriados the Contemplative
  3889 | D:4      | You fall through a shaft for 3 floors!
  3995 | D:7      | Noticed Prince Ribbit
  4032 | D:7      | Killed Prince Ribbit
  4032 | D:7      | Reached skill level 1 in Invocations
  4303 | D:7      | Reached XP level 8. HP: 44/58 MP: 9/11
  4304 | D:7      | Reached skill level 6 in Axes
  4591 | D:7      | Reached * piety under Cheibriados
  4896 | D:5      | Entered Level 5 of the Dungeon
  5124 | D:5      | Found a staircase to the Ecumenical Temple.
  5156 | Temple   | Entered the Ecumenical Temple
  5331 | D:5      | Found a hide-covered altar of Uskayaw.
  6125 | D:5      | Reached XP level 9. HP: 65/65 MP: 12/12
  6137 | D:5      | Reached skill level 7 in Axes
  7052 | D:6      | Reached skill level 5 in Armour
  7148 | D:6      | Found a runed translucent door.
  7149 | D:6      | Noticed Crazy Yiuf
  7232 | D:6      | Found a hazy altar of Hepliaklqana.
  7281 | D:6      | Found a blossoming altar of Fedhas.
  7743 | D:7      | Reached ** piety under Cheibriados
  8329 | D:7      | Slain by a sky beast

Skill      XL: |  1  2  3  4  5  6  7  8  9 |
---------------+----------------------------+-----
Fighting       | 1 2 3 4 |  4.4
Shields        | 1 2 |  2.4
Axes           | 1 4 5 6 7 |  7.4
Dodging        | 2 3 |  3.2
Armour         | 1 2 4 5 |  5.5
Invocations    | 2 3 4 |  4.9
Stealth        | |  2.4
Spellcasting   | |  2.1
Conjurations   | |  0.8
Fire Magic     | |  3.0

Action                   |  1- 3 |  4- 6 |  7- 9 || total
-------------------------+-------+-------+-------++-------
Melee: Club              |    49 |       |       ||    49
       Unarmed           |     8 |       |       ||     8
       Hand axe          |    77 |   197 |   441 ||   715
       Battleaxe         |       |       |     4 ||     4
Throw: Tomahawk          |       |       |     3 ||     3
 Cast: Flame Tongue      |    24 |       |       ||    24
Invok: Bend Time         |       |       |     2 ||     2
 Abil: Dig               |       |     3 |     1 ||     4
       Shaft Self        |       |       |     1 ||     1
Evoke: Wand              |       |       |     6 ||     6
  Use: Potion            |       |     1 |       ||     1
       Scroll            |       |       |     5 ||     5
 Stab: Sleeping          |     1 |       |       ||     1
       Confused          |       |       |     3 ||     3
  Eat: Chunk             |     3 |     6 |    10 ||    19
Armor: Robe              |    18 |       |       ||    18
       Ring mail         |    26 |    38 |       ||    64
       Scale mail        |       |    12 |    80 ||    92
Dodge: Dodged            |    75 |    74 |   187 ||   336
Block: Buckler           |    39 |    68 |    96 ||   203
